 Dungeon Crawl Stone Soup version 0.28.0 (webtiles) character file.

Game seed: 9296571851872344707

111 browni3141 the Chopper (level 4, -2/41 HPs)
             Began as a Minotaur Berserker on Feb 15, 2022.
             Was a Believer of Trog.
             Slain by an adder (4 damage)
             ... on level 3 of the Dungeon.
             The game lasted 00:00:50 (2206 turns).

browni3141 the Chopper (Minotaur Berserker)         Turns: 2206, Time: 00:00:50

Health: -2/41      AC:  2    Str: 22    XL:     4   Next: 62%
Magic:  3/3        EV: 12    Int:  4    God:    Trog [**....]
Gold:   60         SH:  0    Dex: 11    Spells: 3/3 levels left

rFire   . . .      SeeInvis .   a - +0 hand axe
rCold   . . .      Faith    .   (no shield)
rNeg    . . .      Spirit   .   b - +0 animal skin
rPois   .          Reflect  .   (helmet restricted)
rElec   .          Harm     .   (no cloak)
rCorr   .          Rampage  .   (no gloves)
Will    .....                   (no boots)
Stlth   +.........              (no amulet)
HPRegen 0.13/turn               (no ring)
MPRegen 0.08/turn               (no ring)

@: on berserk cooldown, slowed, very slow
A: horns 2, retaliatory headbutt
a: Renounce Religion, Berserk, Trog's Hand


You were on level 3 of the Dungeon.
You worshipped Trog.
Trog was pleased with you.
You visited 1 branch of the dungeon, and saw 3 of its levels.

You collected 60 gold pieces.

Inventory:

Hand Weapons
 a - a +0 hand axe (weapon)
Armour
 b - a +0 animal skin (worn)
Wands
 g - a wand of flame (19)
Scrolls
 d - a scroll of fog {unknown}
 h - a scroll of teleportation {unknown}
Potions
 c - a potion of heal wounds {unknown}
 e - 3 potions of curing {unknown}
 f - 2 potions of lignification {unknown}


   Skills:
 + Level 4.5 Fighting
 + Level 4.5 Axes
 + Level 3.6 Armour
 + Level 3.3 Dodging


You had 3 spell levels left.
You didn't know any spells.
Your spell library was empty.

Dungeon Overview and Level Annotations

Branches:
Dungeon (3/15)

Altars:

Annotations:
D:3 Jessica


Innate Abilities, Weirdness & Mutations

You have a pair of horns on your head.
You reflexively headbutt those who attack you in melee.


Message History

You see here a howler monkey corpse.
An adder comes into view.
Found a stone staircase leading up.
You feel a strong urge to attack something.
An adder comes into view.
Found 8 gold pieces.
You are no longer berserk.
You are exhausted.
You feel yourself slow down.
You feel sick.
You are no longer poisoned.
The adder hisses angrily.
The frilled lizard bites you. The frilled lizard closely misses you.
You furiously retaliate!
You headbutt the frilled lizard.
You kill the frilled lizard!
Trog accepts your kill.
A giant cockroach comes into view.
A ball python comes into view.
The adder bites you.
You are poisoned.
The adder poisons you! The adder closely misses you.
You see here a frilled lizard corpse.
You barely miss the adder.
You feel very sick.
The ball python hisses angrily.
The adder bites you but does no damage. The adder closely misses you.
You feel sick. The adder misses you.
A rat comes into view.
You barely miss the adder. You headbutt the adder!
You kill the adder!
Trog accepts your kill.
You closely miss the adder.
You feel sick. The adder bites you.
* * * LOW HITPOINT WARNING * * *
An endoplasm comes into view.
The adder closely misses you.
Jessica the Apprentice Sorceress comes into view.
She is wielding a +0 club.
You feel sick.
You are no longer poisoned.
The endoplasm quivers.
The rat bites you but does no damage. The adder bites you.
You die...

#.......#!....##....#
##.......##.J........##
#...............B.....#
#...........††........#
#...........†.........#
..........#..........#
.......(B$##........#
##..##S#.###....#######
#. #@#..##..#.#......
#r................
...#..##..........
..#..#............#
.#.......@.......###
#.## ##.##.........## .
......#..#...## #
#........#..##
....#.......##


You could see an adder, Jessica (wandering), an endoplasm, a giant cockroach and
a rat.

Vanquished Creatures
  A howler monkey (D:3)
  2 adders (D:3)
  A worm (D:2)
  A dart slug (D:1)
  6 bats
  4 endoplasms
  A giant cockroach (D:1)
  4 goblins
  6 hobgoblins
  5 jackals
  2 quokkas
  6 ball pythons
  4 frilled lizards
  5 rats
48 creatures vanquished.

Notes
Turn   | Place    | Note
-------+----------+-------------------------------------------
     0 | D:1      | browni3141 the Minotaur Berserker began the quest for the
                  | Orb.
     0 | D:1      | Reached XP level 1. HP: 19/19 MP: 0/0
   159 | D:1      | Reached XP level 2. HP: 21/27 MP: 1/1
  1062 | D:1      | Found a faded altar of an unknown god.
  1104 | D:2      | Reached XP level 3. HP: 28/33 MP: 2/2
  1241 | D:2      | Reached ** piety under Trog
  2198 | D:3      | Reached XP level 4. HP: 28/41 MP: 3/3
  2206 | D:3      | Noticed Jessica
  2206 | D:3      | HP: 2/41 [poisoned by an adder]
  2206 | D:3      | Slain by an adder

Illustrated notes

Levels and vault maps discovered:
D:1:      heliophobic_arrival_henge, layout_basic, basic_ecumenical_altar
D:2:      layout_basic
D:3:      layout_rooms, uniq_terence, uniq_jessica

Skill      XL: |  1  2  3 |
---------------+----------+-----
Fighting       | 4 |  4.5
Axes           | 4 |  4.5
Armour         | 3 |  3.6
Dodging        | 3 |  3.3

Action                   |  1- 3 |  4- 6 || total
-------------------------+-------+-------++-------
Melee: Hand axe          |    95 |     2 ||    97
       Headbutt          |     9 |     1 ||    10
       Punch             |     1 |       ||     1
Invok: Berserk           |     1 |       ||     1
 Stab: Sleeping          |     2 |       ||     2
Armor: Animal skin       |    19 |     2 ||    21
Dodge: Dodged            |    63 |     5 ||    68
